Map: New Repugnancy LE

Players

Bunny - Winner!

  • Race: Terran Terran
  • League: Diamond
  • Spawn Location: 1:00

HateMe

  • Race: Zerg Zerg
  • League: Master
  • Spawn Location: 7:00

Event: HomeStory Cup XIX

VOD

Have the link to the VOD?

Description

Time

  • Played on: June 28, 2019, 12:05 p.m.
  • Length: 10:26

All games in this series

Show
View Real Time Build Order
Export as new Build Order

Bunny Terran - Winner!

Build Orders: Reaper Expand 

Get SALT Encoding   

  12  0:00  SCV  
  13  0:13  SCV  
  14  0:17  Supply Depot  
  14  0:25  SCV  
  15  0:38  SCV  
  15  0:41  Barracks  
  16  0:43  Refinery  
  16  0:50  SCV  
  17  1:02  SCV  
  18  1:15  SCV  
  19  1:28  Orbital Command  
  19  1:29  Reaper  
  20  1:39  Command Center  
  20  1:50  Supply Depot  
  20  1:54  SCV  
  21  2:01  Marine  
  21  2:07  Factory  
  21  2:09  SCV  
  22  2:17  Refinery  
  22  2:21  Barracks Reactor  
  22  2:22  SCV  
  23  2:34  SCV  
  24  2:40  Bunker  
  24  2:46  SCV  
  25  2:54  Starport  
  25  2:58  Marine x2  
  24  2:59  SCV  
  24  3:00  Factory Tech Lab  
  26  3:12  SCV  
  27  3:15  Orbital Command  
  27  3:18  Cyclone  
  27  3:19  Marine  
  30  3:23  Marine  
  30  3:26  SCV  
  33  3:35  Viking  
  33  3:40  SCV  
  36  3:52  Siege Tank, SCV  
  39  4:05  Supply Depot x2  
  39  4:26  Orbital Command  
  39  4:27  SCV  
  39  4:28  Command Center  
  40  4:34  Siege Tank  
  43  4:39  Liberator  
  43  4:40  SCV  
  43  4:42  Marine x2  
  46  4:52  SCV  
  47  4:53  SCV  
  47  4:59  Supply Depot  
  51  5:04  SCV  
  51  5:05  SCV  
  51  5:16  Barracks  
  51  5:17  SCV x2  
  51  5:18  Barracks  
  51  5:19  Stimpack  
  51  5:20  Factory Reactor  
  53  5:22  Marine  
  53  5:27  Bunker  
  54  5:29  SCV x2  
  56  5:36  Engineering Bay  
  56  5:39  Engineering Bay  
  56  5:40  Starport Reactor  
  56  5:43  Orbital Command  
  56  5:45  SCV  
  56  5:46  SCV  
  58  5:51  Marine  
  59  5:57  SCV  
  59  5:59  SCV  
  61  6:11  Factory Tech Lab, Marine x4  
  63  6:12  Marine  
  63  6:13  SCV x3  
  63  6:14  Terran Infantry Weapons Level 1, Terran Infantry Armor Level 1  
  69  6:26  Refinery  
  69  6:27  Refinery  
  69  6:28  Marine, Missile Turret, Supply Depot x2  
  69  6:29  Marine  
  71  6:37  SCV x2  
  71  6:39  Medivac  
  72  6:46  Marine x3, Medivac  
  77  6:49  Orbital Command, Marine x2, Supply Depot  
  79  6:56  Supply Depot  
  79  6:57  SCV x2  
  79  7:00  Siege Tank  
  81  7:04  Marine x2  
  81  7:05  Marine  
  81  7:07  Supply Depot  
  84  7:11  Medivac  
  84  7:12  SCV x2  
  84  7:15  SCV  
  89  7:17  Medivac  
  89  7:19  Marine x2  
  89  7:21  Marine  
  89  7:22  Marine  
  95  7:27  Combat Shield  
  95  7:29  Barracks x2  
  96  7:30  SCV  
  96  7:32  SCV x2  
  96  7:35  Marine  
  99  7:41  Armory  
  99  7:47  Marine  
  99  7:48  Marine x3  
  99  7:49  Medivac  
  105  7:51  SCV x2  
  105  7:52  SCV  
  105  7:53  Marine  
  105  7:55  Missile Turret  
  109  7:59  Siege Tank  
  111  8:05  Marine x3  
  111  8:06  Marine  
  111  8:11  Marine  
  111  8:15  SCV x3  
  111  8:16  Refinery  
  111  8:17  Supply Depot  
  114  8:20  Medivac  
  114  8:22  Barracks Reactor  
  114  8:23  Marine  
  114  8:24  Marine  
  114  8:25  Supply Depot  
  114  8:26  Barracks Tech Lab, Supply Depot  
  117  8:32  Supply Depot  
  117  8:33  Supply Depot  
  117  8:35  Supply Depot  
  117  8:38  Marine x2, Medivac  
  117  8:39  Marauder  
  117  8:41  Marine  
  123  8:46  Marauder  
  123  8:47  Siege Tank, Marine  
  123  8:56  Marine x2  
  123  8:59  Marine  
  123  9:00  Marine x2, Marauder  
  125  9:03  SCV x3  
  125  9:04  Marine  
  125  9:08  Marauder  
  128  9:14  Marine x2  
  130  9:18  Marine  
  130  9:19  Siege Tank, Marine x2  
  136  9:25  Refinery  
  136  9:26  Marauder  
  136  9:27  Supply Depot  
  136  9:29  Marine  
  134  9:38  Marauder  
  134  9:41  Marine x5  
  134  9:47  Marauder, Marine  
  134  9:51  Siege Tank  
  140  9:55  Medivac  
  140  9:58  Marine, Missile Turret  
  145  10:00  Marauder  
  145  10:03  Marine x2  
  147  10:18  Command Center  
  147  10:19  Sensor Tower  
Show
View Real Time Build Order
Export as new Build Order

HateMe Zerg 

Build Orders: Pool First 

Get SALT Encoding   

  12  0:00  Drone  
  13  0:12  Overlord  
  13  0:18  Drone  
  14  0:31  Drone x2  
  16  0:40  Spawning Pool  
  15  0:45  Drone  
  15  0:48  Drone  
  17  0:58  Extractor  
  16  1:10  Drone  
  17  1:26  Hatchery  
  17  1:27  Zergling x4  
  17  1:29  Zergling x2  
  19  1:37  Roach Warren  
  18  1:44  Drone  
  19  1:53  Overlord  
  19  2:18  Roach x2  
  19  2:20  Queen  
  19  2:21  Roach  
  27  2:32  Roach  
  29  2:38  Roach  
  29  2:43  Roach  
  33  3:03  Overlord  
  33  3:06  Drone, Ravager  
  33  3:07  Drone  
  36  3:13  Overlord  
  36  3:24  Ravager  
  36  3:26  Drone x4  
  41  3:32  Drone x2  
  41  3:33  Drone  
  44  3:40  Ravager  
  45  3:42  Drone x2  
  45  3:45  Drone  
  48  3:54  Drone x2  
  50  3:59  Drone  
  51  4:05  Drone  
  51  4:12  Drone  
  51  4:17  Overlord x2  
  52  4:26  Hatchery  
  51  4:31  Overlord  
  51  4:34  Queen  
  51  4:43  Lair  
  49  4:47  Drone x6  
  49  4:50  Overlord  
  49  4:52  Drone  
  56  4:53  Drone  
  56  4:59  Drone  
  58  5:01  Extractor  
  58  5:02  Overlord  
  58  5:03  Extractor  
  56  5:09  Drone  
  56  5:12  Queen  
  59  5:15  Overlord  
  59  5:18  Extractor  
  59  5:19  Drone x2, Evolution Chamber  
  59  5:24  Drone  
  59  5:26  Drone  
  61  5:31  Drone  
  62  5:39  Roach x2  
  62  5:40  Queen  
  68  5:47  Zerg Missile Weapons Level 1  
  68  5:48  Glial Reconstitution  
  68  5:52  Drone  
  68  5:55  Overlord  
  69  5:57  Roach x4  
  69  6:02  Overlord  
  69  6:03  Overseer  
  74  6:06  Overseer  
  74  6:10  Drone x4  
  78  6:12  Drone  
  78  6:13  Drone  
  77  6:26  Drone x5  
  77  6:28  Drone x3  
  83  6:38  Drone x3  
  86  6:43  Overlord  
  86  6:49  Drone x3  
  89  7:05  Overlord x2  
  89  7:08  Extractor, Overlord  
  89  7:11  Roach x7  
  102  7:16  Extractor, Ravager x4  
  102  7:18  Overlord x2  
  102  7:22  Pneumatized Carapace  
  105  7:26  Roach x3  
  111  7:34  Roach x5  
  121  7:47  Overlord  
  121  7:48  Overlord  
  121  7:49  Roach x3  
  127  7:52  Roach  
  127  7:54  Roach  
  127  7:56  Roach  
  133  8:05  Roach x3  
  141  8:08  Evolution Chamber  
  136  8:18  Roach x5  
  144  8:23  Overlord x3  
  144  8:33  Overseer  
  144  8:43  Roach x8  
  133  8:57  Roach x9  
  132  9:11  Roach x2  
  132  9:12  Roach x4  
  132  9:16  Roach x2  
  142  9:18  Ravager x5  
  142  9:19  Ravager  
  142  9:20  Ravager  
  149  9:28  Roach  
  149  9:30  Roach  
  153  9:31  Overlord  
  143  9:43  Roach  
  143  9:44  Roach x5  
  153  9:49  Overlord  
  153  9:50  Overlord  
  153  9:51  Ravager  
  153  9:52  Ravager  
  155  9:57  Roach x2  
  159  10:04  Roach  
Tags
 
Add a new tag
Caveats
  • Supply blocks, unpowered buildings, or Contaminate may cause inaccurate times.
  • Supply counts are checked every 10 seconds.